Map: Thunderbird LE

Players

Hellraiser - Winner!

  • Race: Protoss Protoss
  • Spawn Location: 5:00

Mode

  • Race: Zerg Zerg
  • Spawn Location: 11:00

VOD

Have the link to the VOD?

Description

Time

  • Played on: Sept. 6, 2019, 12:22 p.m.
  • Length: 6:34
Show
View Real Time Build Order
Export as new Build Order

Hellraiser Protoss - Winner!

Build Orders: 1 Gate Expand, Oracle Opening 

Get SALT Encoding   

  12  0:00  Probe  
  13  0:12  Probe  
  14  0:19  Pylon  
  14  0:24  Probe  
  15  0:33  Probe  
  15  0:38  Gateway  
  15  0:41  Probe  
  17  0:52  Probe  
  17  0:55  Gateway  
  17  0:56  Assimilator  
  18  1:04  Probe  
  19  1:16  Probe  
  20  1:27  Nexus  
  20  1:30  Probe  
  21  1:42  Cybernetics Core  
  21  1:43  Probe  
  22  1:49  Assimilator  
  22  1:55  Pylon  
  22  1:57  Probe  
  23  2:10  Probe  
  23  2:14  Adept  
  24  2:18  Probe  
  24  2:20  Stargate  
  25  2:27  Probe  
  27  2:35  Warp Gate, Probe  
  28  2:39  Probe  
  28  2:43  Probe  
  30  2:44  Adept  
  33  2:51  Probe  
  33  2:53  Probe  
  33  2:56  Oracle  
  35  3:03  Probe  
  35  3:05  Probe  
  37  3:11  Gateway  
  40  3:16  Probe  
  40  3:18  Probe  
  40  3:19  Pylon  
  42  3:27  Oracle  
  42  3:28  Probe  
  42  3:32  Probe  
  44  3:35  Assimilator  
  44  3:36  Assimilator  
  44  3:40  Probe  
  46  3:44  Probe  
  46  3:46  Pylon  
  47  3:52  Probe, Robotics Facility  
  48  3:56  Probe  
  49  4:04  Probe  
  49  4:08  Probe  
  51  4:12  Gateway x2  
  51  4:14  Phoenix  
  51  4:16  Probe  
  54  4:20  Gateway  
  54  4:25  Gateway  
  54  4:27  Immortal  
  54  4:28  Sentry x2  
  58  4:42  Pylon  
  62  4:48  Gateway  
  62  4:51  Pylon  
  62  4:54  Warp Prism, Pylon  
  62  5:06  Sentry x2  
  68  5:07  Sentry  
  68  5:09  Stalker  
  72  5:16  Stalker  
  72  5:20  Stalker  
  76  5:22  Pylon  
  76  5:29  Stalker x2  
  80  5:49  Sentry x2, Stalker  
  84  5:50  Zealot x2  
  84  5:54  Stalker  
  90  5:57  Zealot  
  92  6:07  Pylon  
  92  6:16  Pylon  
  92  6:17  Pylon  
  92  6:32  Sentry  
  94  6:33  Stalker x4  
Show
View Real Time Build Order
Export as new Build Order

Mode Zerg 

Build Orders: Hatch First 

Get SALT Encoding   

  12  0:01  Drone  
  13  0:12  Overlord  
  13  0:18  Drone  
  14  0:31  Drone x2  
  17  0:35  Drone  
  17  0:54  Hatchery  
  16  0:57  Drone  
  16  1:02  Extractor  
  16  1:03  Drone  
  17  1:17  Spawning Pool  
  16  1:20  Drone  
  17  1:27  Drone  
  17  1:29  Drone  
  19  1:39  Overlord  
  19  2:03  Queen  
  19  2:04  Metabolic Boost  
  21  2:09  Zergling x4  
  21  2:11  Queen  
  21  2:13  Drone  
  26  2:17  Drone  
  26  2:21  Drone  
  28  2:25  Zergling x2  
  29  2:31  Drone  
  29  2:34  Overlord  
  30  2:38  Drone  
  31  2:44  Drone  
  32  2:59  Drone x2  
  32  3:05  Hatchery  
  32  3:10  Drone x3  
  35  3:13  Zergling x2  
  35  3:14  Zergling x2  
  35  3:15  Drone  
  38  3:20  Drone  
  38  3:21  Drone x3  
  42  3:30  Zergling x2  
  42  3:31  Zergling x2  
  41  3:43  Overlord  
  41  3:45  Zergling x6  
  44  3:50  Baneling Nest  
  44  3:54  Extractor  
  44  3:55  Zergling x4  
  39  4:05  Spore Crawler  
  38  4:17  Overlord  
  38  4:22  Queen  
  38  4:23  Drone x3  
  38  4:24  Drone x2  
  45  4:25  Drone x3  
  42  4:40  Zergling x2  
  42  4:41  Zergling x8  
  47  4:46  Spore Crawler  
  46  4:55  Zergling x6  
  46  5:01  Zergling x2  
  46  5:04  Zergling x2  
  47  5:10  Baneling x4  
  47  5:11  Baneling  
  47  5:13  Baneling  
  47  5:16  Baneling  
  47  5:17  Baneling  
  47  5:21  Zergling x2  
  47  5:25  Zergling x2  
  49  5:33  Zergling x4  
  48  5:36  Zergling x2  
  48  5:40  Zergling x2  
  40  5:44  Zergling x2  
  40  5:47  Zergling x2  
  34  5:51  Zergling x2  
  34  5:54  Zergling x2  
  36  5:59  Zergling x2  
  36  6:03  Zergling x2  
  38  6:08  Zergling x2  
  38  6:14  Zergling x4  
  38  6:18  Baneling x3  
  40  6:19  Baneling  
Tags
 
Add a new tag
Caveats
  • Supply blocks, unpowered buildings, or Contaminate may cause inaccurate times.
  • Supply counts are checked every 10 seconds.